 Dungeon Crawl Stone Soup version 0.27.1-35-g4d5d836560 (webtiles) character file.

Game seed: 11973653760725586928

927 Delamore the Sneak (level 8, 0/50 HPs)
             Began as an Octopode Brigand on Apr 28, 2022.
             Slain by an adder (2 damage)
             ... on level 5 of the Dungeon.
             The game lasted 00:05:20 (4829 turns).

Delamore the Sneak (Octopode Brigand)               Turns: 4829, Time: 00:05:21

Health: 0/50       AC:  1    Str: 10    XL:     8   Next: 10%
Magic:  17/17      EV: 12    Int: 14    God:
Gold:   24         SH:  0    Dex: 15    Spells: 7/7 levels left

rFire    . . .     SeeInvis .   a - +2 dagger
rCold    . . .     Faith    .   (no shield)
rNeg     . . .     Spirit   .   (helmet restricted)
rPois    .         Reflect  .   (no amulet)
rElec    .         Harm     .   p - ring of magical power
rCorr    .         Rampage  .   r - ring of wizardry
Will     .....                  (no ring)
Stlth    ++++++....             (no ring)
HPRegen  0.16/turn              (no ring)
MPRegen  0.15/turn              (no ring)
                                (no ring)
                                (no ring)

@: mighty, hasted, very quick
A: almost no armour, amphibious, 8 rings, camouflage 1, gelatinous body 1,
nimble swimmer 1, tentacles
a: no special abilities


You were on level 5 of the Dungeon.
You visited 1 branch of the dungeon, and saw 5 of its levels.

You collected 252 gold pieces.
You spent 228 gold pieces at shops.

Inventory:

Hand Weapons
 a - a +2 dagger (weapon)
 x - a +0 rapier
Missiles
 b - 6 poisoned darts (quivered)
Jewellery
 p - a ring of magical power (left tentacle)
 r - a ring of wizardry (right tentacle)
Wands
 o - a wand of polymorph (10)
 s - a wand of iceblast (11)
Scrolls
 d - 2 scrolls of blinking
 e - 2 scrolls of immolation
 h - 2 scrolls of noise {unknown}
 i - a scroll of enchant armour
 k - a scroll of amnesia {unknown}
 m - 2 scrolls of enchant weapon {unknown}
 n - 2 scrolls of teleportation {unknown}
 w - a scroll of silence {unknown}
Potions
 f - a potion of curing {unknown}
 g - a potion of heal wounds {unknown}
 j - a potion of attraction {unknown}
 l - a potion of resistance {unknown}
 q - a potion of might
 t - a potion of invisibility {unknown}
 u - a potion of haste
 v - a potion of magic {unknown}


   Skills:
 - Level 2.0 Fighting
 * Level 7.6 Short Blades
 + Level 3.7 Throwing
 - Level 1.0 Dodging
 - Level 7.8 Stealth


You had 7 spell levels left.
You didn't know any spells.
Your spell library contained the following spells:

 Spells                   Type           Power      Damage    Failure   Level
 Gell's Gravitas          Tloc           0%         N/A       32%         3
 Lesser Beckoning         Tloc           0%         N/A       32%         3
 Teleport Other           Tloc           0%         N/A       32%         3


Dungeon Overview and Level Annotations

Branches:
Dungeon (5/15)
 Temple: D:4-7

Altars:
Dithmenos
Wu Jian
The Shining One

Shops:
D:2 (   D:4 [


Innate Abilities, Weirdness & Mutations

You cannot wear most types of armour.
You are amphibious.
You can wear up to eight rings at the same time.
Your skin changes colour to match your surroundings (Stealth+).
Your rubbery body absorbs attacks. (AC +1, EV +1)
You are camouflaged near water. (Stealth+)
You have tentacles for arms and can constrict up to eight enemies at once.


Message History

Aiming: Iceblast
Press: ? - help, Shift-Dir - straight line, p - phantom The mass of ice explodes!
The iceblast engulfs the phantom.
The phantom partially resists.
The phantom is almost destroyed.
The ogre shouts!
The phantom hits you!
* * * LOW HITPOINT WARNING * * *
The phantom blinks!
You blink.
Found a scroll of blinking.
Okay, then.
Blink to where?
Press: ? - help, Dir - move target
As you read the scroll of blinking, it crumbles to dust.
Aiming: Iceblast
Press: ? - help, Shift-Dir - straight line The mass of ice explodes!
The iceblast engulfs the ogre!
The ogre is moderately wounded.
The iceblast engulfs the phantom!
The phantom partially resists.
You destroy the phantom!
You hear an angry hiss.
A quokka comes into view.
Throw: dart (curare)
Press: ? - help, Q - select action, (/) - cycle Shift-Dir - straight line, f - ogre
Aim: an ogre, wielding a +0 giant club (moderately wounded, 75% to hit)
You throw a curare-tipped dart. The curare-tipped dart hits the ogre.
The ogre is poisoned.
The ogre convulses.
The ogre seems to slow down.
The ogre is severely wounded.
Okay, then.
It was a potion of might.
You feel very mighty all of a sudden.
It was a potion of haste.
You feel yourself speed up.
You hit the quokka.
You kill the quokka!
An adder, a quokka and 2 gnolls come into view.
Found 5 gold pieces.
Found a stone staircase leading down.
Found a stone staircase leading down.
An adder comes into view.
The adder bites you.
You die...

.g....#
###......#
#≈#>.r.g$.
#≈#.....#
######≈#.....#.
#.....≈........
#.....≈........
#.≈S####
......#@#...#
..... #≈#O..#
>... ###?..#
.#.. #####.?.# .
.S #.......#
..#. #.#.....##
....###.#......#
. ...§........##
#.≈§≈§§≈≈≈≈...#
.....


You could see a gnoll (wandering), an adder and a quokka (wandering).

Vanquished Creatures
  Grinder (D:3)
  Duvessa (D:4)
  A necrophage (D:5)
  A phantom (D:5)
  Dowan (D:5)
  A bullfrog zombie (D:3)
  An orc priest (D:4)
  Crazy Yiuf (D:2)
  A centaur skeleton (D:4)
  Terence (D:2)
  4 iguanas
  2 orc wizards (D:4)
  4 adders
  An ufetubus (D:4)
  2 dart slugs
  8 orcs
  8 bats
  7 endoplasms
  3 giant cockroaches
  6 goblins
  3 hobgoblins
  2 jackals (D:5)
  3 kobolds
  A quokka (D:5)
  4 ball pythons
  3 frilled lizards
  4 rats
75 creatures vanquished.

Notes
Turn   | Place    | Note
-------+----------+-------------------------------------------
     0 | D:1      | Delamore the Octopode Brigand began the quest for the Orb.
     0 | D:1      | Reached XP level 1. HP: 14/14 MP: 1/1
    79 | D:1      | Reached XP level 2. HP: 19/19 MP: 2/2
   427 | D:1      | Found a faded altar of an unknown god.
   452 | D:1      | Reached XP level 3. HP: 20/24 MP: 3/3
   767 | D:2      | Noticed Terence
   769 | D:2      | Killed Terence
   770 | D:2      | Reached XP level 4. HP: 29/29 MP: 4/4
   881 | D:2      | Found a runed translucent door.
   882 | D:2      | Noticed Crazy Yiuf
  1066 | D:2      | Found Ixtok's Weapon Emporium.
  1301 | D:2      | Killed Crazy Yiuf
  1612 | D:3      | Noticed Grinder
  1613 | D:3      | Paralysed by Grinder for 6 turns
  1636 | D:3      | Killed Grinder
  1637 | D:3      | Reached skill level 5 in Short Blades
  1637 | D:3      | Reached XP level 5. HP: 7/34 MP: 5/5
  1637 | D:3      | Reached XP level 6. HP: 8/39 MP: 6/6
  2468 | D:3      | Found a glowing golden altar of the Shining One.
  2994 | D:4      | Found a shadowy altar of Dithmenos.
  3575 | D:4      | Reached XP level 7. HP: 28/45 MP: 7/7
  3750 | D:4      | Found Gankaphiudgh's Antique Armour Shop.
  4480 | D:4      | Bought a bloodstained buckler for 228 gold pieces
  4480 | D:4      | Identified the -5 buckler of Gallantry {Will++ Str+8 Dex-5}
                  | (You bought it in a shop on level 4 of the Dungeon)
  4542 | D:5      | Entered Level 5 of the Dungeon
  4542 | D:5      | Noticed Duvessa
  4542 | D:5      | Noticed Dowan
  4547 | D:5      | Killed Dowan
  4552 | D:4      | Killed Duvessa
  4773 | D:5      | Reached XP level 8. HP: 50/50 MP: 8/8
  4816 | D:5      | Found an ornate altar of the Wu Jian Council.
  4820 | D:5      | HP: 1/50 [phantom (7)]
  4829 | D:5      | Slain by an adder

Illustrated notes

Levels and vault maps discovered:
D:1:      scummos_arrival_checkerplants, layout_basic,
          ebering_ecumenical_altar_rust, minmay_misc_feat_enclosed,
          hangedman_abyss_or_decor_stabs, minmay_pentomino_p4
D:2:      layout_loops_ring, serial_shops, shop, uniq_terence,
          uniq_crazy_yiuf_cottage
D:3:      layout_loops_corners, mainiacjoe_overflow_surrounded_room,
          uniq_grinder
D:4:      cheibrodos_quashed, layout_gridville, grunt_dithmenos_smoke,
          serial_shops, nicolae_shop_crystal
D:5:      layout_rooms, grunt_temple_overflow_champion_of_chaos,
          nicolae_overflow_hidden_temple,
          mainiacjoe_overflow_concentric_impassable,
          chequers_serial_rivers_micro_a, uniq_duvessa

Skill      XL: |  1  2  3  4  5  6  7 |
---------------+----------------------+-----
Short Blades   | 3 5 6 7 |  7.6
Stealth        | 6 7 |  7.8
Throwing       | 3 |  3.7
Fighting       | |  2.0
Dodging        | |  1.0

Action                   |  1- 3 |  4- 6 |  7- 9 || total
-------------------------+-------+-------+-------++-------
Melee: Dagger            |    40 |    66 |    63 ||   169
       Tentacles         |     5 |    16 |    18 ||    39
       Constrict         |     4 |    11 |    11 ||    26
Throw: Dart              |       |    11 |     5 ||    16
Evoke: Wand              |       |       |     8 ||     8
  Use: Scroll            |     1 |     2 |     1 ||     4
       Potion            |       |       |     2 ||     2
 Stab: Sleeping          |    15 |    14 |     2 ||    31
       Distracted        |     2 |       |       ||     2
Armor: Skin              |     3 |     1 |       ||     4
Dodge: Dodged            |    16 |    24 |    17 ||    57
